Map: 데이터-C

Players

thrrepoint

  • Race: Zerg Zerg
  • League: Grandmaster
  • Spawn Location: 9:00

KiWiKaKi - Winner!

  • Race: Protoss Protoss
  • Spawn Location: 3:00

VOD

Have the link to the VOD?

Description

Time

  • Played on: Dec. 24, 2022, 11:40 p.m.
  • Length: 7:11
Show
View Real Time Build Order
Export as new Build Order

thrrepoint Zerg 

Build Orders: Pool First 

Get SALT Encoding   

  12  0:18  Spawning Pool  
  11  0:22  Drone  
  11  0:26  Drone  
  13  0:31  Drone  
  14  0:43  Overlord  
  14  1:04  Zergling x2  
  14  1:05  Zergling x4  
  17  1:16  Zergling x2  
  18  1:32  Queen  
  20  1:38  Hatchery  
  19  1:42  Drone x2  
  21  1:49  Drone  
  22  2:11  Hatchery  
  22  2:14  Drone  
  21  2:18  Drone  
  22  2:28  Overlord  
  22  2:49  Drone  
  22  2:50  Drone x2  
  22  2:51  Zergling x2, Queen  
  25  2:57  Zergling x6  
  30  3:02  Zergling x2  
  31  3:11  Zergling x2  
  31  3:12  Zergling x2  
  33  3:17  Queen  
  35  3:23  Zergling x2  
  35  3:25  Drone  
  35  3:26  Drone  
  38  3:31  Drone  
  38  3:35  Drone x2  
  39  3:41  Zergling x2  
  39  3:45  Zergling x2  
  39  3:46  Zergling x2  
  39  3:50  Spine Crawler  
  39  3:51  Zergling x2  
  39  4:00  Zergling x2  
  39  4:01  Zergling x2  
  39  4:02  Zergling x2  
  41  4:05  Zergling x2  
  41  4:06  Zergling x2  
  42  4:15  Zergling x2  
  41  4:19  Zergling x2  
  41  4:22  Zergling x2  
  42  4:25  Spore Crawler  
  42  4:29  Zergling x2  
  40  4:38  Queen  
  40  4:44  Overlord x2  
  40  4:45  Zergling x2  
  42  4:49  Zergling x2  
  41  4:53  Overlord  
  41  4:56  Drone  
  41  4:59  Spore Crawler  
  41  5:02  Queen  
  44  5:08  Drone x2  
  44  5:13  Extractor  
  45  5:15  Extractor  
  39  5:24  Drone x2  
  39  5:25  Drone x6  
  46  5:30  Spine Crawler  
  43  5:39  Drone x2  
  43  5:40  Drone  
  46  5:43  Queen x2  
  47  5:50  Spine Crawler  
  45  5:58  Spine Crawler  
  45  5:59  Spine Crawler  
  45  6:01  Drone x3  
  46  6:06  Drone x2  
  47  6:12  Zergling x4  
  47  6:14  Zergling x2  
  47  6:17  Zergling x2  
  48  6:21  Zergling x2  
  37  6:28  Zergling x2  
  34  6:36  Zergling x2  
  29  6:42  Spine Crawler  
  29  6:45  Zergling x4  
  27  6:49  Zergling x2  
  27  6:51  Zergling x2  
Show
View Real Time Build Order
Export as new Build Order

KiWiKaKi Protoss - Winner!

Build Orders: Blink Stalkers 

Get SALT Encoding   

  12  0:00  Probe  
  13  0:12  Probe  
  14  0:17  Pylon  
  14  0:24  Probe  
  15  0:36  Gateway  
  15  0:37  Probe (Chrono Boost)  
  16  0:46  Probe (Chrono Boost)  
  16  0:47  Assimilator  
  17  0:52  Probe (Chrono Boost)  
  17  0:56  Assimilator  
  18  1:04  Probe  
  19  1:09  Gateway  
  19  1:16  Probe  
  20  1:24  Cybernetics Core  
  20  1:33  Pylon  
  20  1:36  Zealot (Chrono Boost)  
  22  2:04  Pylon  
  22  2:22  Stalker x2  
  26  2:26  Pylon  
  26  2:27  Probe  
  27  2:30  Warp Gate  
  27  2:35  Shield Battery  
  27  2:46  Twilight Council  
  25  2:58  Gateway  
  25  3:00  Probe  
  26  3:11  Stalker  
  26  3:12  Probe  
  29  3:20  Stalker  
  31  3:28  Blink (Chrono Boost)  
  31  3:46  Stalker  
  26  4:16  Pylon x2  
  26  4:26  Shield Battery  
  24  4:37  Stalker x2  
  28  4:54  Stalker  
  30  5:05  Stalker x2  
  34  5:20  Stalker  
  36  5:29  Stalker  
  36  5:30  Stalker  
  40  5:52  Stalker  
  40  5:53  Stalker  
  44  6:01  Stalker  
  46  6:35  Pylon  
  46  6:37  Pylon  
  40  6:54  Stalker x3  
Tags
 
Composition
Blink Stalkers
Matchup
PvZ
Opening
Pool First
Spawn Locations
Cross Positions
Add a new tag
Caveats
  • Supply blocks, unpowered buildings, or Contaminate may cause inaccurate times.
  • Supply counts are checked every 10 seconds.